 Dungeon Crawl Stone Soup version 0.30.0-15-g856e2d3f33 (webtiles) character file.

Game seed: 3783937581653275423

133 qw the Chopper (level 5, -7/32 HPs)
             Began as a Gargoyle Fighter on May 20, 2023.
             Killed by divine providence
             ... invoked by an orc priest
              (13 damage)
             ... on level 3 of the Dungeon.
             The game lasted 00:01:15 (2169 turns).

qw the Chopper (Gargoyle Fighter)                   Turns: 2169, Time: 00:01:15

Health: -7/32      AC: 10    Str: 21    XL:     5   Next: 16%
Magic:  5/5        EV:  9    Int:  9    God:
Gold:   184        SH:  4    Dex:  9    Spells: 4/4 levels left

rFire   . . .        Y - +0 war axe
rCold   . . .        c - +0 buckler
rNeg    + . .        b - +0 scale mail
rPois   inf          (no helmet)
rElec   +            (no cloak)
rCorr   .            (no gloves)
SInv    .            (no boots)
Will    +....        (no amulet) Stlth
                     g - ring of willpower
HPRegen 0.25/turn    a - +4 ring of slaying {mikee}
MPRegen 0.09/turn

%: no passive effects
@: no status effects
A: sickness immunity, AC +4, negative energy resistance 1, electricity
resistance, torment resistance 1, petrification resistance
a: no special abilities


You were on level 3 of the Dungeon.
You visited 1 branch of the dungeon, and saw 3 of its levels.

You collected 184 gold pieces.


Innate Abilities, Weirdness & Mutations

You are immune to sickness and miasma.
Your stone body is resilient. (AC +4)
You are immune to poison.
You resist negative energy. (rN+)
You are resistant to electric shocks. (rElec)
You are resistant to unholy torment.
You are immune to petrification.


   Skills:
 - Level 3.2 Fighting
 + Level 4.7 Axes
 - Level 3.2 Armour
 - Level 3.2 Shields


You had 4 spell levels left.
You didn't know any spells.
Your spell library was empty.

Inventory:

Hand Weapons
 h - a +0 whip
 Y - a +0 war axe (weapon)
Armour
 b - a +0 scale mail (worn)
 c - a +0 buckler (worn)
Jewellery
 a - a +4 ring of slaying (right hand) {mikee}
 g - a ring of willpower (left hand)
 i - a ring of resist corrosion
Wands
 o - a wand of digging (3)
Scrolls
 l - 3 scrolls of identify
Potions
 d - a potion of might
 e - 2 potions of heal wounds
 f - a potion of resistance
 j - 2 potions of curing
 k - a potion of lignification {unknown}
 m - 2 potions of flight {unknown}
 n - a potion of invisibility {unknown}
 p - a potion of attraction {unknown}

Dungeon Overview and Level Annotations

Branches:
Dungeon (3/15)

Altars:

Shops:
D:3 (


Message History

Found 4 gold pieces.
Found a stone staircase leading down.
The orc shouts!
The orc priest shouts!
An orc comes into view. It is wielding a +0 trident.
Found a pair of embroidered gloves.
The orc priest calls down the wrath of Beogh upon you.
Beogh smites you!
You hit the orc.
The orc is heavily wounded.
The orc hits you with a +0 hand axe.
You closely miss the orc.
The orc is heavily wounded.
The orc hits you but does no damage.
You closely miss the orc.
The orc is heavily wounded.
The orc hits you but does no damage.
You hit the orc but do no damage.
The orc is heavily wounded.
You hit the orc but do no damage. The orc barely misses you.
The orc hits you but does no damage. x2
You slash the orc!
You kill the orc!
You slash the orc!
You kill the orc!
You block the orc's attack.
The orc priest mumbles some strange prayers to Beogh against you.
You resist with some effort.
A worm comes into view.
The orc closely misses you.
The orc priest casts a cantrip, but nothing happens.
Things that are here:
a +0 flail; a +0 leather armour; 4 gold pieces You slash the orc priest!
The orc priest is severely wounded.
You hit the orc. The orc closely misses you.
The orc priest mumbles some strange prayers to Beogh against you.
Beogh smites you! The orc closely misses you.
The orc priest invokes the aid of Beogh against you.
Beogh smites you!
You die...

........###.##
...)..........#
..............# #######
####..........# .[.....
.....######.### ....$.#
..#### #.## .>.....
#.### #..# ##.......
#...#### ##.###)o....PP
###....#####.%..@o...wPP
####......%#######....
#######.# . #.# ..# #.#
#.# #.# #.#


You could see a worm, an orc priest and an orc.

Vanquished Creatures
  Ijyb (D:3)
  2 adders
  2 worms (D:2)
  3 dart slugs (D:1)
  3 orcs (D:3)
  8 endoplasms
  2 giant cockroaches
  8 goblins
  7 hobgoblins
  2 jackals (D:3)
  8 kobolds
  3 quokkas
  8 ball pythons
  9 bats
  2 frilled lizards
  3 rats
71 creatures vanquished.

Notes
Turn   | Place    | Note
-------+----------+-------------------------------------------
     0 | D:1      | qw the Gargoyle Fighter began the quest for the Orb.
     0 | D:1      | Reached XP level 1. HP: 14/14 MP: 1/1
     0 | D:1      | 0 ||| qw: Version: 0.2-a-97-g6b18286
     0 | D:1      | 0 ||| qw: Game counter: 27
     0 | D:1      | 0 ||| qw: Always use a shield: true
     0 | D:1      | 0 ||| qw: God list: Okawaru
     0 | D:1      | 0 ||| qw: Allow faded altars: false
     0 | D:1      | 0 ||| qw: Do Orc after D:15 true
     0 | D:1      | 0 ||| qw: Do second Lair branch before Depths: true
     0 | D:1      | 0 ||| qw: Lair rune preference: random
     0 | D:1      | 0 ||| qw: Plans: Normal, Zot:1-4, God:TSO, Crypt, Tomb,
                  | Pan, Slime:5, Hells, Abyss, Win
     0 | D:1      | 0 ||| PLANNING D:1-11
    21 | D:1      | Reached skill level 2 in Axes
   254 | D:1      | Reached XP level 2. HP: 15/19 MP: 2/2
   303 | D:1      | 303 ||| Stepping ~*~*~tactically~*~*~ (stealth).
   438 | D:1      | 438 ||| Stepping ~*~*~tactically~*~*~ (stealth).
   594 | D:1      | Reached skill level 3 in Axes
   630 | D:1      | 630 ||| Stepping ~*~*~tactically~*~*~ (hiding).
   631 | D:1      | 631 ||| Stepping ~*~*~tactically~*~*~ (hiding).
   640 | D:1      | Reached XP level 3. HP: 21/23 MP: 3/3
   647 | D:1      | 647 ||| Stepping ~*~*~tactically~*~*~ (hiding).
   648 | D:1      | 648 ||| Stepping ~*~*~tactically~*~*~ (hiding).
   767 | D:1      | 767 ||| Stepping ~*~*~tactically~*~*~ (hiding).
   925 | D:1      | 925 ||| Stepping ~*~*~tactically~*~*~ (stealth).
   926 | D:1      | 926 ||| Stepping ~*~*~tactically~*~*~ (stealth).
  1279 | D:1      | 1279 ||| READING scroll labelled TYIB JIDEU.
  1280 | D:1      | 1280 ||| READING scroll labelled HUSMIU BAOTUE.
  1281 | D:1      | 1281 ||| READING scroll labelled NEFOJE FYSEHEE.
  1282 | D:1      | 1282 ||| DRINKING 3 bubbling blue potions.
  1383 | D:2      | 1383 ||| Stepping ~*~*~tactically~*~*~ (stealth).
  1384 | D:2      | 1384 ||| Stepping ~*~*~tactically~*~*~ (stealth).
  1431 | D:2      | 1431 ||| Stepping ~*~*~tactically~*~*~ (stealth).
  1441 | D:2      | Reached XP level 4. HP: 28/28 MP: 4/4
  1449 | D:2      | 1449 ||| DROPPING +0 club.
  1547 | D:2      | Reached skill level 4 in Axes
  1856 | D:2      | 1856 ||| DROPPING scarf of harm.
  1857 | D:2      | 1857 ||| UPGRADING to ring of willpower.
  1858 | D:2      | 1858 ||| READING scroll labelled RYIWOTZ BEISUN.
  1859 | D:2      | 1859 ||| READING scroll labelled YCLAS ZUAM.
  1859 | D:2      | Identified a scroll of acquirement
  1859 | D:2      | 1859 ||| ACQUIRING +4 ring of slaying
  1859 | D:2      | Acquired a +4 ring of slaying
  1861 | D:2      | 1861 ||| UPGRADING to +4 ring of slaying {mikee}.
  1862 | D:2      | 1862 ||| DRINKING 3 golden potions.
  1863 | D:2      | 1863 ||| DRINKING 2 smoky clear potions.
  1864 | D:2      | 1864 ||| DROPPING potion of magic.
  1926 | D:3      | Found Naaperhiy's Weapon Boutique.
  1976 | D:3      | 1976 ||| Stepping ~*~*~tactically~*~*~ (stealth).
  1983 | D:3      | Noticed Ijyb
  1990 | D:3      | Killed Ijyb
  1991 | D:3      | Reached XP level 5. HP: 30/32 MP: 5/5
  2169 | D:3      | HP: 6/32 [orc priest/divine providence (15)]
  2169 | D:3      | Killed from afar by an orc priest

Levels and vault maps discovered:
D:1:      dpeg_arrival_shrine, layout_basic
D:2:      layout_rooms
D:3:      layout_rooms, mainiacjoe_overflow_chevrons, serial_shops,
          nicolae_shop_crystal, uniq_ijyb

Skill      XL: |  1  2  3  4 |
---------------+-------------+-----
Axes           | 2 3 4 |  4.7
Fighting       | |  3.2
Armour         | |  3.2
Shields        | |  3.2

Action                     |  1- 3 |  4- 6 || total
---------------------------+-------+-------++-------
  Melee: War axe           |    77 |    79 ||   156
    Use: Scroll            |     3 |     2 ||     5
         Potion            |     1 |     2 ||     3
 Armour: Scale mail        |    27 |    38 ||    65
  Dodge: Dodged            |    23 |    36 ||    59
  Block: Buckler           |     9 |    18 ||    27

Table legend:
 A = Non-vault XP
 B = Vault XP
 C = Vault XP percentage of total XP
 D = Non-vault monster count
 E = Vault monster count
 F = Vault count percentage of total count
                 A         B        C        D         E       F
            +---------+---------+-------+---------+---------+-------
      Total |     157 |      33 |  17.4 |      70 |       1 |   1.4
            +---------+---------+-------+---------+---------+-------
        D:1 |      47 |       0 |   0.0 |      25 |       0 |   0.0
        D:2 |      61 |       0 |   0.0 |      26 |       0 |   0.0
        D:3 |      49 |      33 |  40.2 |      19 |       1 |   5.0
            +---------+---------+-------+---------+---------+-------
